 Dungeon Crawl Stone Soup version 0.26-a0-649-gf8c6c3aab7 (webtiles) character file.

Game seed: 6325543331806902702

1367 DogServant the Insei (level 8, -3/48 HPs)
             Began as an Octopode Transmuter on Sept 26, 2020.
             Was a Follower of Ru.
             Slain by a wight
             ... wielding a +2 hand axe
              (10 damage)
             ... on level 6 of the Dungeon.
             The game lasted 00:14:42 (8650 turns).

DogServant the Insei (Octopode Transmuter)          Turns: 8650, Time: 00:14:42

Health: -3/48      AC: -3    Str:  9    XL:     8   Next: 65%
Magic:  8/11       EV: 23    Int: 16    God:    Ru [*.....]
Gold:   259        SH:  0    Dex: 19    Spells: 3/11 levels left

rFire    . . .     SeeInvis .     - Unarmed
rCold    . . .     Faith    .   (shield currently unavailable)
rNeg     + . .     Spirit   .   (helmet currently unavailable)
rPois    x         Reflect  .   h - amulet of the acrobat
rElec    .         Harm     .   m - ring of positive energy
rCorr    .         Rampage  .   (no ring)
MR       .....                  (no ring)
Stlth    ++........             (no ring)
HPRegen  0.16/turn              (no ring)
MPRegen  0.12/turn              (no ring)
                                (no ring)
                                (no ring)

@: spider-form, lightly drained
A: tiny, almost no armour, stealthy swim, (amphibious), 8 rings, (constrict 8),
reduced AC 1
a: End Transformation, Renounce Religion


You were on level 6 of the Dungeon.
You worshipped Ru.
Ru was aware of your devotion.
You were a venomous arachnid creature.
You visited 2 branches of the dungeon, and saw 7 of its levels.

You collected 259 gold pieces.

Inventory:

Missiles
 p - 9 poisoned darts (quivered)
Armour
 g - a +0 hat (melded)
 l - a +0 kite shield
 r - a +0 buckler
Jewellery
 h - an amulet of the acrobat (around neck)
 m - a ring of positive energy (left front leg)
Wands
 b - a wand of iceblast (7)
Scrolls
 a - 2 scrolls of magic mapping
 d - 2 scrolls of remove curse {unknown}
 f - a scroll of enchant weapon {unknown}
 i - a scroll of fear {unknown}
 q - 2 scrolls of fog {unknown}
 s - a scroll of identify {unknown}
Potions
 c - a potion of curing
 e - a potion of haste {unknown}
 j - a potion of stabbing {unknown}
 k - 2 potions of brilliance {unknown}
 n - 2 potions of berserk rage {unknown}
 o - a potion of degeneration {unknown}


   Skills:
 - Level 1.2(0.7) Fighting
 + Level 5.0(4.5) Dodging
 + Level 0.9(0.5) Shields
 + Level 6.2(5.7) Unarmed Combat
 - Level 2.3(1.8) Spellcasting
 + Level 2.8(2.3) Hexes
 + Level 4.9(4.4) Transmutations
 + Level 2.9(2.4) Ice Magic
 - Level 3.2(2.8) Poison Magic


You had 3 spell levels left.
You knew the following spells:

 Your Spells              Type           Power        Failure   Level
a - Beastly Appendage     Tmut           ###...       12%         1
b - Wereblood             Tmut           ###.....     16%         2
c - Spider Form           Tmut/Pois      ##........   32%         3
d - Ensorcelled Hibernat  Hex/Ice        #.....       28%         2

Your spell library contained the following spells:

 Spells                   Type           Power        Failure   Level
 Corona                   Hex            #......      21%         1
 Magic Dart               Conj           #...         43%         1
 Confusing Touch          Hex            #.......     45%         3
 Tukima's Dance           Hex            #.......     45%         3
 Searing Ray              Conj           #.....       54%         2
 Dazzling Flash           Conj/Hex       #.....       58%         3
 Ice Form                 Ice/Tmut       ##......     67%         4
 Blade Hands              Tmut           ###.......   85%         5
 Fulminant Prism          Conj/Hex       #.........   91%         4
 Iskenderun's Mystic Bla  Conj/Tloc      #.......     98%         4


Dungeon Overview and Level Annotations

Branches:
Dungeon (6/15)             Temple (1/1) D:4

Altars:
Ashenzari
Cheibriados
Dithmenos
Elyvilon
Fedhas
Gozag
Hepliaklqana
Kikubaaqudgha
Makhleb
Nemelex Xobeh
Okawaru
Qazlal
Ru
Sif Muna
Trog
Uskayaw
Vehumet
Wu Jian
Xom
Yredelemnul
Zin
The Shining One

Shops:
D:4 =*


Innate Abilities, Weirdness & Mutations

You cannot wear most types of armour.
You are very stealthy in the water. (Stealth+)
((You are amphibious.))
You can wear up to eight rings at the same time.
((You can use your tentacles to constrict eight enemies at once.))
((Your skin changes colour to match your surroundings (Stealth+).))
((Your rubbery body absorbs attacks. (AC +1, EV +1)))
You take slightly more damage. (AC -5)


Message History

You are too injured to fight recklessly!
You are too injured to fight recklessly!
The wight hits you with a +2 hand axe! You partially resist.
You feel drained.
You hit the wight.
The wight is moderately damaged.
The wight closely misses you.
You hit the wight.
The wight is heavily damaged.
The wight closely misses you.
The worker ant twitches its antennae in your direction.
You hit the wight.
The wight is heavily damaged.
The wight hits you with a +1 falchion of freezing!
* * * LOW HITPOINT WARNING * * *
The wight freezes you.
* * * LOW HITPOINT WARNING * * *
You hit the wight but do no damage.
The wight is heavily damaged.
The wight hits you with a +2 hand axe!
You die...

#...##.# #....#.##### ##
... ........#.## .#= ...
##..........## .... ..#
###..##........# ..... #..
#.............##
.....##.###..............#
........##....†_........#
........##.s......#<....#
......).##zz......#.....#
...........###...##.....#
....#..a.....###..#......#
... ##.........#.........#
. .......................#
.....###.................
.....# ..................
..... .........


You could see a worker ant and 2 wights.

Vanquished Creatures
  Pikel (D:4)
  Sigmund (D:3)
  2 ogres (D:5)
  4 lemures (D:4)
  An oklob sapling (D:4)
  A wight (D:6)
  A howler monkey (D:4)
  A centaur skeleton (D:4)
  An orc priest (D:3)
  2 iguanas (D:5)
  Ijyb (D:4)
  4 orc wizards
  2 worker ants
  A hound skeleton (D:4)
  5 adders
  3 gnolls
  An ooze (D:1)
  3 worms
  9 leopard geckos
  8 orcs
  3 giant cockroaches
  14 goblins
  9 hobgoblins
  8 jackals
  12 kobolds
  4 quokkas
  10 bats
  3 frilled lizards
  8 rats
123 creatures vanquished.

Vanquished Creatures (others)
  11 plants
11 creatures vanquished.

Grand Total: 134 creatures vanquished

Notes
Turn   | Place    | Note
-------+----------+-------------------------------------------
     0 | D:1      | DogServant the Octopode Transmuter began the quest for the
                  | Orb.
     0 | D:1      | Reached XP level 1. HP: 13/13 MP: 3/3
    68 | D:1      | Reached XP level 2. HP: 9/18 MP: 3/5
   780 | D:1      | Reached XP level 3. HP: 7/23 MP: 6/6
  1171 | D:1      | Learned a level 2 spell: Wereblood
  1904 | D:2      | Found a blossoming altar of Fedhas.
  1909 | D:2      | Reached XP level 4. HP: 17/28 MP: 7/7
  2596 | D:2      | Reached skill level 4 in Unarmed Combat
  2969 | D:3      | Learned a level 3 spell: Spider Form
  3070 | D:3      | Noticed Sigmund
  3092 | D:3      | Killed Sigmund
  3092 | D:3      | Reached XP level 5. HP: 19/33 MP: 5/8
  3092 | D:3      | Reached XP level 6. HP: 22/38 MP: 5/9
  3695 | D:3      | Found an ancient bone altar of Kikubaaqudgha.
  3696 | D:3      | Found an iron altar of Okawaru.
  4102 | D:4      | Reached skill level 5 in Unarmed Combat
  4715 | D:4      | Found Ululidepaa's Jewellery Emporium.
  4721 | D:4      | Reached XP level 7. HP: 34/43 MP: 8/10
  5003 | D:4      | Found a staircase to the Ecumenical Temple.
  5139 | Temple   | Entered the Ecumenical Temple
  5316 | Temple   | Became a worshipper of Ru the Awakened
  5345 | D:4      | Found Faammal's Assorted Antiques.
  5859 | D:4      | Learned a level 2 spell: Ensorcelled Hibernation
  5984 | D:4      | Noticed Pikel
  6556 | D:4      | Noticed Ijyb
  6567 | D:4      | Killed Ijyb
  6752 | D:4      | Killed Pikel
  6752 | D:4      | Reached XP level 8. HP: 25/48 MP: 8/11
  7010 | D:5      | Entered Level 5 of the Dungeon
  7353 | D:5      | Reached skill level 6 in Unarmed Combat
  8045 | D:5      | Gained mutation: You take slightly more damage. (AC -5) [Ru
                  | sacrifice]
  8045 | D:5      | Reached * piety under Ru
  8585 | D:6      | Found a radiant altar of Vehumet.
  8635 | D:6      | Reached skill level 5 in Dodging
  8650 | D:6      | Slain by a wight

Illustrated notes

Levels and vault maps discovered:
D:1:      dpeg_arrival_arbitrary_b, layout_loops_corners, minmay_distorted
D:2:      layout_loops_ring, fedhas_ov_isle_minmay
D:3:      layout_loops_ring, gammafunk_temple_overflow_wave, patterned_corridor,
          uniq_sigmund
D:4:      layout_basic, minmay_temple_entry_oklob, serial_shops, shop,
          kennysheep_windowed_goal, uniq_ijyb, uniq_pikel
D:5:      cheibrodos_quashed, layout_basic, minmay_ogre_servants
D:6:      layout_cave_pools, basic_altar
Temple:   regret_index_temple_chain_breaker

Skill      XL: |  1  2  3  4  5  6  7  8 |
---------------+-------------------------+-----
Transmutations | 3 4 |  4.9
Unarmed Combat | 4 5 6 |  6.2
Dodging        | 3 4 5 |  5.0
Poison Magic   | 2 3 |  3.2
Hexes          | 2 |  2.8
Ice Magic      | 2 |  2.9
Fighting       | |  1.2
Shields        | |  0.9
Spellcasting   | |  2.3

Action                   |  1- 3 |  4- 6 |  7- 9 || total
-------------------------+-------+-------+-------++-------
Melee: Unarmed           |    85 |   107 |   174 ||   366
       Constrict         |    20 |    33 |    16 ||    69
       Kick              |    17 |    19 |    14 ||    50
       Tentacles         |     8 |    17 |    13 ||    38
       Punch             |     2 |     6 |     7 ||    15
 Cast: Beastly Appendage |    18 |    19 |     8 ||    45
       Wereblood         |       |     2 |       ||     2
       Spider Form       |       |     1 |    12 ||    13
Invok: Sacrifice Health  |       |       |     1 ||     1
  Use: Potion            |       |     1 |     1 ||     2
       Scroll            |       |       |     3 ||     3
 Stab: Sleeping          |     6 |     5 |     3 ||    14
       Distracted        |       |     1 |     1 ||     2
Armor: Skin              |     3 |     6 |     2 ||    11
Dodge: Dodged            |    53 |    62 |   135 ||   250

Table legend: (Time is in decaauts)
 A = Elapsed time spent in this place.
 B = Non-inter-level travel time spent in this place.
 C = Inter-level travel time spent in this place.
 D = Time resting spent in this place.
 E = Time spent auto-exploring this place.
 F = Levels seen in this place.
 G = Mean time per level.
                   A        B        C        D        E       F      G
               +--------+--------+--------+--------+--------+-----+--------+
         Total |   8617 |   8345 |    272 |   1857 |   5514 |   7 | 1231.0 |
       Dungeon |   8424 |   8202 |    222 |   1857 |   5375 |   6 | 1404.0 |
        Temple |    192 |    142 |     50 |      0 |    139 |   1 |  192.0 |
               +--------+--------+--------+--------+--------+-----+--------+

Top non-repeatable levels by time:
     D:4: 2353 daAuts
     D:1: 1624 daAuts
     D:3: 1597 daAuts
     D:5: 1475 daAuts
     D:2: 1311 daAuts
  Temple: 192 daAuts
     D:6: 62 daAuts
